 Dungeon Crawl Stone Soup version 0.17-a0-2231-gd80ca38 (webtiles) character file.

10762 nubinia the Destroyer (level 11, -3/62 HPs)
             Began as a Tengu Venom Mage on Oct 28, 2015.
             Was an Elder of Sif Muna.
             Slain by a molten gargoyle
             ... wielding a +0 mace
              (9 damage)
             ... in a volcano on Oct 29, 2015.
             The game lasted 01:17:31 (15072 turns).

nubinia the Destroyer (Tengu Venom Mage)           Turns: 15072, Time: 01:17:31

Health: -3/62      AC: 10    Str:  8    XL:     11   Next: 67%
Magic:  21/21      EV: 21    Int: 19    God:    Sif Muna [****..]
Gold:   649        SH:  5    Dex: 20    Spells: 3 memorised, 16 levels left

rFire  + + +     SeeInvis .     Q - +1 trident (freeze)
rCold  . . .     Clarity  +     f - +2 leather armour {rF+}
rNeg   . . .     SustAt   .     M - +0 buckler
rPois  +         Gourm    .     C - +1 hat
rElec  +         Spirit   .     u - +2 cloak {MR+}
rCorr  +         Warding  .     e - +0 pair of gloves
rMut   .         Stasis   .     (boots unavailable)
MR     +....                    (no amulet)
Stlth  ++++++....               v - ring of stealth
                                p - ring of fire

@: agile, resistant, very slightly contaminated, hasted, very quick, somewhat
resistant to hostile enchantments, very stealthy
A: antennae 1, beak, talons 3, clarity, electricity resistance, evolution 1,
able to fly 1
a: Fly, Channel Energy, Forget Spell, Renounce Religion


You were in a volcano.
You worshipped Sif Muna.
Sif Muna was greatly pleased with you.
You were not hungry.

You visited 2 branches of the dungeon, and saw 12 of its levels.
You also visited: Volcano.

You collected 649 gold pieces.

Inventory:

Hand Weapons
 d - a +0 short sword
 l - a +2 spear of venom
 J - a +3 flail of draining
 Q - a +1 trident of freezing (weapon)
Armour
 e - a +0 pair of gloves (worn)
 f - a +2 leather armour of fire resistance (worn)
 u - a +2 cloak of magic resistance (worn)
 C - a +1 hat (worn)
 K - the +0 leather armour "Qiurgho" {rN+ rCorr}
   (You took it off an orc on level 6 of the Dungeon)

   It protects you from negative energy.
   It protects you from acid and corrosion.
 M - a +0 buckler (worn)
Jewellery
 p - a ring of fire (left hand)
 v - a ring of stealth (right hand)
Wands
 o - a wand of digging (7)
 O - a wand of lightning (14)
 V - a wand of teleportation (4)
Scrolls
 i - 4 scrolls of teleportation
 w - 3 scrolls of enchant weapon
 y - a scroll of fear
 F - a scroll of summoning
 G - 2 scrolls of remove curse
 I - a scroll of enchant armour
 U - a scroll of identify
Potions
 g - a potion of brilliance
 j - 2 potions of flight
 k - a potion of cancellation {unknown}
 t - 3 potions of lignification
 A - a potion of cure mutation
 E - 3 potions of invisibility
 R - a potion of magic
Comestibles
 c - 7 bread rations
 h - 9 beef jerkies
 q - 2 meat rations


   Skills:
 + Level 4.8 Fighting
 + Level 0.4 Short Blades
 + Level 5.6 Polearms
 + Level 3.3 Armour
 + Level 7.2 Dodging
 + Level 7.8 Stealth
 + Level 1.1 Shields
 + Level 6.2 Spellcasting
 * Level 10.2 Conjurations
 * Level 10.2 Air Magic
 - Level 4.7 Poison Magic
 + Level 1.1 Invocations


You had 16 spell levels left.
You knew the following spells:

 Your Spells              Type           Power        Failure   Level  Hunger
a - Sting                 Conj/Pois      ####         1%          1    None
b - Cure Poison           Pois           ###.......   6%          2    None
c - Mephitic Cloud        Conj/Pois/Air  #####...     2%          3    ##.....


Dungeon Overview and Level Annotations

Branches:
Dungeon (10/15)            Temple (0/1) D:7            Lair (2/8) D:10
    Orc (0/4) D:9

Altars:
Elyvilon
Gozag
Kikubaaqudgha
Okawaru
Qazlal
Ru
Sif Muna
Xom
Zin


Innate Abilities, Weirdness & Mutations

You have a beak for a mouth.
You have claws for feet.
You can fly.
You have a pair of small antennae on your head.
You possess an exceptional clarity of mind.
You are resistant to electric shocks.
You evolve.


Message History

You hit the molten gargoyle. You freeze the molten gargoyle.
The molten gargoyle is almost destroyed.
The molten gargoyle closely misses you.
You hit the molten gargoyle but do no damage.
The molten gargoyle is almost destroyed.
You hit the molten gargoyle but do no damage.
You claw the molten gargoyle, but do no damage.
The molten gargoyle is almost destroyed.
The molten gargoyle completely misses you.
You hit the molten gargoyle but do no damage.
You claw the molten gargoyle, but do no damage.
The molten gargoyle is almost destroyed.
The molten gargoyle closely misses you.
You hit the molten gargoyle but do no damage.
Your kick misses the molten gargoyle.
The molten gargoyle is almost destroyed.
You hit the molten gargoyle but do no damage.
The molten gargoyle is almost destroyed.
The molten gargoyle hits you with a mace!
You die...

#.∩..#.8_8.#..∩.#
#...)#.)).)#....#
≈§###''###)###''###.§≈
§§#......#.#......#.§§≈
≈§§######.#.#.######.≈≈§
§ #.$[?#.#.#.#.)..#.≈§§
#.$!$#.#.#.#....#.§≈§
#..$)#.#.#.#([..#.≈≈§
#..9@..#.#...)..#.≈§≈
########+########.≈§§
......§.....§...≈..§
§§≈≈≈§≈§§≈≈§≈§≈≈≈≈≈.
§≈≈≈≈≈≈§§§≈§§§≈≈≈≈≈≈
≈§≈≈≈≈§≈≈§§≈§≈≈≈≈≈≈≈
≈≈≈≈§≈≈§§≈§§≈≈≈≈≈≈§§
≈≈≈≈≈≈≈≈≈≈§≈≈§≈≈§≈§§
≈..§≈≈§≈≈≈≈≈§≈≈≈≈≈§≈


You could see a molten gargoyle.

Vanquished Creatures
  A deep elf knight (Volcano)
  A lindwurm (Lair:2)
  2 hill giants (D:10)
  An ugly thing (D:10)
  A molten gargoyle (Volcano)
  A spiny frog (Lair:1)
  3 deep elf priests (Volcano)
  4 komodo dragons
  A two-headed ogre (D:9)
  A troll (D:10)
  A wyvern (D:10)
  4 yaks (Lair:1)
  A hungry ghost (D:10)
  A hippogriff (D:8)
  2 deep elf fighters (Volcano)
  9 wolves
  An ice beast (D:7)
  A porcupine (Lair:1)
  2 phantoms
  A water moccasin (Lair:1)
  6 orc warriors
  A black bear (D:7)
  2 ogres (D:8)
  4 centaurs
  A necrophage (D:7)
  2 crocodiles (Lair:1)
  5 giant frogs
  A wyvern skeleton (D:7)
  A scorpion (D:7)
  3 electric eels (D:10)
  2 wights (D:10)
  3 crimson imps
  4 hounds
  A wasp zombie (D:10)
  3 iguanas
  9 orc wizards
  Crazy Yiuf (D:3)
  2 giant frog zombies
  4 jellies
  A giant frog skeleton (D:7)
  6 orc priests
  Jessica (D:5)
  9 worker ants
  8 sheep (Lair:1)
  3 killer bee zombies
  A hound zombie (D:8)
  A worker ant zombie (D:6)
  2 hound skeletons
  11 adders
  10 river rats (Lair:1)
  An ooze (D:7)
  3 worms
  40 orcs
  12 bats
  7 giant cockroaches
  15 goblins
  3 hobgoblins
  10 jackals
  4 quokkas
  8 giant geckos
  2 giant gecko zombies
  5 giant newts
  A jackal zombie (D:7)
  13 kobolds
  7 rats
278 creatures vanquished.

Vanquished Creatures (others)
  5 sheep (D:8)
  An orc (D:6)
  2 fungi (Lair:1)
8 creatures vanquished.

Grand Total: 286 creatures vanquished

Notes
Turn   | Place    | Note
--------------------------------------------------------------
     0 | D:1      | nubinia the Tengu Venom Mage began the quest for the Orb.
     0 | D:1      | Reached XP level 1. HP: 10/10 MP: 4/4
   488 | D:1      | Reached XP level 2. HP: 15/15 MP: 3/6
   738 | D:1      | Learned a level 2 spell: Cure Poison
  1201 | D:1      | Reached XP level 3. HP: 5/19 MP: 0/7
  1224 | D:1      | Reached skill level 1 in Conjurations
  1535 | D:2      | Learned a level 3 spell: Mephitic Cloud
  1698 | D:2      | Reached skill level 1 in Air Magic
  1708 | D:2      | Reached XP level 4. HP: 24/24 MP: 5/8
  2552 | D:3      | Gained mutation: You can fly. [Tengu growth]
  2552 | D:3      | Reached XP level 5. HP: 28/28 MP: 6/10
  3196 | D:3      | Noticed Crazy Yiuf
  3207 | D:3      | Killed Crazy Yiuf
  3386 | D:3      | Found an iron altar of Okawaru.
  3742 | D:4      | Found an opulent altar of Gozag.
  3966 | D:4      | Reached XP level 6. HP: 33/33 MP: 8/11
  4404 | D:5      | Entered Level 5 of the Dungeon
  4432 | D:5      | Reached skill level 1 in Fighting
  4485 | D:5      | Reached skill level 1 in Polearms
  5182 | D:5      | Noticed Jessica
  5189 | D:5      | Killed Jessica
  5189 | D:5      | Reached XP level 7. HP: 38/38 MP: 5/12
  5202 | D:5      | Found a deep blue altar of Sif Muna.
  5210 | D:5      | Became a worshipper of Sif Muna the Loreminder
  5596 | D:6      | Found a stormy altar of Qazlal.
  6033 | D:6      | Reached XP level 8. HP: 35/44 MP: 8/14
  6226 | D:6      | Reached skill level 5 in Conjurations
  6232 | D:6      | Got a faintly humming leather armour
  6250 | D:6      | Identified the +0 leather armour "Qiurgho" {rN+ rCorr} (You took it off an orc on level 6 of the Dungeon)
  6969 | D:7      | Found a staircase to the Ecumenical Temple.
  7072 | D:7      | Reached skill level 1 in Armour
  7264 | D:7      | Reached skill level 5 in Air Magic
  7304 | D:7      | Reached * piety under Sif Muna
  7323 | D:7      | Reached skill level 5 in Dodging
  7496 | D:7      | Upgraded the game from 0.17-a0-2220-g6fea741 to 0.17-a0-2231-gd80ca38
  7696 | D:7      | Reached XP level 9. HP: 38/49 MP: 9/16
  7851 | D:7      | Reached skill level 6 in Conjurations
  7986 | D:7      | Found an ancient bone altar of Kikubaaqudgha.
  8142 | D:8      | Found an iron altar of Okawaru.
  8253 | D:8      | Found a shimmering altar of Xom.
  8368 | D:8      | Found a white marble altar of Elyvilon.
  8583 | D:8      | Found a glowing silver altar of Zin.
  8585 | D:8      | Found a sacrificial altar of Ru.
  9052 | D:9      | Noticed a green ugly thing
  9177 | D:9      | Found a staircase to the Orcish Mines.
  9721 | D:9      | Reached ** piety under Sif Muna
  9721 | D:9      | Reached skill level 7 in Conjurations
  9922 | D:10     | Entered Level 10 of the Dungeon
 10113 | D:10     | Reached skill level 5 in Stealth
 10139 | D:10     | Reached skill level 5 in Spellcasting
 10164 | D:10     | Reached XP level 10. HP: 21/56 MP: 6/18
 10364 | D:10     | Noticed a hill giant
 10399 | D:10     | Killed a hill giant
 10550 | D:10     | Reached skill level 8 in Air Magic
 10779 | D:10     | Noticed a cyan ugly thing
 10805 | D:10     | Killed a white ugly thing
 11478 | D:10     | Noticed a hill giant
 11512 | D:10     | Killed a hill giant
 12313 | D:10     | Found a staircase to the Lair.
 12356 | D:10     | Reached skill level 5 in Polearms
 12679 | D:10     | Reached *** piety under Sif Muna
 12688 | D:10     | Reached skill level 1 in Shields
 12876 | Lair:1   | Entered Level 1 of the Lair of Beasts
 12919 | Lair:1   | Reached skill level 9 in Air Magic
 12983 | Lair:1   | Reached XP level 11. HP: 62/62 MP: 8/20
 13043 | Lair:1   | Reached skill level 1 in Invocations
 13663 | Lair:1   | Gained mutation: You have a pair of small antennae on your head. [potion of mutation]
 13663 | Lair:1   | Gained mutation: You are frail (-10% HP). [potion of mutation]
 13663 | Lair:1   | Gained mutation: You possess an exceptional clarity of mind. [potion of mutation]
 13747 | Lair:1   | Gained mutation: You are resistant to electric shocks. [potion of mutation]
 13747 | Lair:1   | Gained mutation: You evolve. [potion of mutation]
 13747 | Lair:1   | Lost mutation: You are frail (-10% HP). [potion of mutation]
 14333 | Lair:2   | Noticed a lindwurm
 14337 | Lair:2   | Killed a lindwurm
 14339 | Lair:2   | Found a dark tunnel.
 14356 | Volcano  | Entered a volcano
 14594 | Volcano  | Found a radiant altar of Vehumet.
 14594 | Volcano  | Noticed a deep elf knight
 14613 | Volcano  | Reached skill level 10 in Conjurations
 14615 | Volcano  | Killed a deep elf knight
 14615 | Volcano  | Reached **** piety under Sif Muna
 14615 | Volcano  | Reached skill level 10 in Air Magic
 14712 | Volcano  | HP: 1/62 [molten gargoyle/mace (3)]
 15072 | Volcano  | Slain by a molten gargoyle

Vault maps used:
D:1:      minmay_arrival_plants_in_alcoves, serial_forest,
          infiniplex_forest_clump_diagonal, infiniplex_forest_clump_tiny,
          infiniplex_forest_end_1, infiniplex_forest_end_2,
          infiniplex_forest_lined_corner, grunt_decor_arrowhead
D:2:      hangedman_decor_slide_cut
D:3:      okawaru_ov_weapons_minmay, first_bread, uniq_crazy_yiuf_cottage
D:4:      nicolae_overflow_hidden_temple
D:5:      tgw_sif
D:6:      nicolae_overflow_crystal_walls, lemuel_another_geyser
D:7:      marbit_many_paths, minmay_temple_entry_enclosed_plants
D:8:      overflow_temple_1_default, gammafunk_temple_overflow_pools,
          basic_altar, grunt_ogre_cave, kb_xom_exploding_sheep
D:9:      david_orc_2
D:10:     mumra_celtic_spiral_tile, erik_lair_island
Lair:1:   beast_lair_carwin_large_2, infiniplex_staircase_pool
Lair:2:   nicolae_volcano_entry_vermiform, infiniplex_staircase_pool_2,
          grunt_megastairs_2
Volcano:  volcano_lake

Action                   |  1- 3 |  4- 6 |  7- 9 | 10-12 || total
-------------------------+-------+-------+-------+-------++-------
Melee: Short sword       |    38 |    26 |       |       ||    64
       Spear             |       |   123 |   404 |   403 ||   930
       Trident           |       |       |       |    42 ||    42
 Cast: Sting             |    41 |    63 |    78 |    71 ||   253
       Mephitic Cloud    |       |     2 |    24 |    43 ||    69
       Cure Poison       |       |       |     1 |     1 ||     2
Invok: Channel Energy    |       |       |     5 |     5 ||    10
 Abil: Fly               |       |     6 |    27 |    15 ||    48
  Use: Potion            |     2 |       |       |    11 ||    13
       Scroll            |     1 |     4 |     9 |    10 ||    24
 Stab: Sleeping          |       |     9 |     9 |     8 ||    26
       Distracted        |       |     1 |       |     2 ||     3
       Confused          |       |     1 |    13 |    30 ||    44
  Eat: Chunk             |     3 |    12 |    23 |    24 ||    62
       Pizza             |       |       |       |     1 ||     1
